 Dungeon Crawl Stone Soup version 0.29.1-12-g30fa7ad0bf (webtiles) character file.

Game seed: 16221466344520810045

235 safid the Shooter (level 5, -1/72 HPs)
             Began as a Minotaur Hunter on Dec 14, 2022.
             Slain by Duvessa
             ... wielding a +0 short sword
              (2 damage)
             ... on level 4 of the Dungeon.
             The game lasted 00:05:32 (3067 turns).

safid the Shooter (Minotaur Hunter)                 Turns: 3067, Time: 00:05:33

Health: -1/72      AC: 22    Str: 15    XL:     5   Next: 76%
Magic:  4/4        EV:  2    Int:  6    God:
Gold:   158        SH:  0    Dex: 16    Spells: 4/4 levels left

rFire   . . .      SeeInvis .   a - +1 shortbow
rCold   . . .      Faith    .   (shield currently unavailable)
rNeg    . . .      Spirit   .   (body armour currently unavailable)
rPois   +          Reflect  .   (helmet currently unavailable)
rElec   .          Harm     .   (cloak currently unavailable)
rCorr   .          Rampage  .   (gloves currently unavailable)
Will    .....      NoTele   +   (boots currently unavailable)
Stlth   ++........              (no amulet)
HPRegen 0.22/turn               (no ring)
MPRegen 0.09/turn               (no ring)

@: tree-form, attractive
A: stationary, stasis, torment immunity, boosted hp, (horns 2), (retaliatory
headbutt)
a: no special abilities


You were on level 4 of the Dungeon.
You were a tree.
You visited 1 branch of the dungeon, and saw 4 of its levels.

You collected 158 gold pieces.

Inventory:

Hand Weapons
 a - a +1 shortbow (weapon)
Armour
 c - a +0 leather armour (melded)
Wands
 h - a wand of digging (6)
 i - a wand of flame (6)
 p - a wand of charming (2)
Scrolls
 b - a scroll of immolation
Potions
 d - a potion of attraction
 e - a potion of might {unknown}
 g - a potion of haste {unknown}
 j - a potion of heal wounds {unknown}
 k - 2 potions of brilliance {unknown}
 l - a potion of curing {unknown}
 m - 2 potions of invisibility {unknown}


   Skills:
 + Level 5.4 Fighting
 + Level 6.3 Ranged Weapons
 - Level 2.1 Dodging
 - Level 0.7 Stealth


You had 4 spell levels left.
You didn't know any spells.
Your spell library contained the following spells:

 Spells                   Type           Power      Damage    Failure   Level
 Sublimation of Blood     Necr           0%         N/A       58%         2
 Gell's Gravitas          Tloc           0%         N/A       83%         3
 Lesser Beckoning         Tloc           0%         N/A       83%         3
 Portal Projectile        Hex/Tloc       0%         N/A       83%         3
 Stone Arrow              Conj/Erth      0%         3d7       83%         3
 Teleport Other           Tloc           0%         N/A       83%         3
 Tukima's Dance           Hex            0%         N/A       83%         3
 Animate Armour           Summ/Erth      0%         N/A       99%         4
 Petrify                  Tmut/Erth      0%         N/A       99%         4
 Blade Hands              Tmut           0%         N/A       100%        5
 Irradiate                Conj/Tmut      0%         3d11      100%        5
 Lehudib's Crystal Spear  Conj/Erth      0%         10d2      100%        8


Dungeon Overview and Level Annotations

Branches:
Dungeon (4/15)
 Temple: D:4-7

Altars:
Kikubaaqudgha
Sif Muna
Uskayaw
Xom

Shops:
D:2 =

Annotations:
D:4 1 runed translucent door, Crazy Yiuf, Duvessa, Pikel


Innate Abilities, Weirdness & Mutations

You are a tree.
Your roots penetrate the ground, keeping you stationary.
You cannot be teleported.
You are immune to unholy pain and torment.
Your maximum health is greatly increased.
Your equipment is partially melded.
((You have a pair of horns on your head.))
((You reflexively headbutt those who attack you in melee.))


Message History

You kill the orc!
You shoot an arrow. The arrow closely misses Duvessa.
The kobold closely misses you. Duvessa hits you with a +0 short sword!
The kobold hits you with a +0 dagger. Duvessa hits you with a +0 short sword!
Unknown command.
The kobold attacks as you move away! The kobold closely misses you.
Duvessa attacks as you move away! Duvessa hits you with a +0 short sword.
Found a stone staircase leading down.
The kobold throws a stone.
The stone hits you.
Found a scroll labelled OSCHUS NAXI.
Duvessa attacks as you move away! Duvessa hits you with a +0 short sword!
Fire: a) +0 shortbow
Press: ? - help, Q - select action, (/) - cycle Shift-Dir - straight line, f/p - Duvessa
Aim: Duvessa, wielding a +0 short sword and wearing a +0 leather armour (69% to hit)
Okay, then.
Unknown command.
As you read the scroll labelled QAUTEI AKISSI, it crumbles to dust.
It is a scroll of amnesia.
You feel forgetful for a moment. Duvessa hits you with a +0 short sword!
* * * LOW HITPOINT WARNING * * *
As you read the scroll labelled LARAER JIUCK, it crumbles to dust.
It is a scroll of enchant weapon.
Your +0 shortbow glows red for a moment.
Duvessa says, "Where magic fails, the sword succeeds!"
Duvessa hits you with a +0 short sword.
* * * LOW HITPOINT WARNING * * *
Unknown command.
It was a potion of attraction.
You feel attractive to monsters. The kobold hits you with a +0 dagger.
* * * LOW HITPOINT WARNING * * *
Duvessa hits you with a +0 short sword.
* * * LOW HITPOINT WARNING * * *
Unknown command.
It was a potion of lignification.
You turn into a tree.
Your +0 leather armour melds into your body.
Your roots penetrate the ground.
The kobold hits you with a +0 dagger.
* * * LOW HITPOINT WARNING * * *
Duvessa hits you with a +0 short sword.
You die...

#...#.......###.....###5.##5###
###..#.#.....###...###......5..
####.#####......#..##...........
#.....##.....)..##...(..........
..........#..#K.#.........5.....
..........#.eo##....##.........._
^####...####..###..###...5.......
... #...###K)###eK(# ...##..#...
....#....#....##♣#.# ... ...#...
....#.......######## .. #...####
_...^.#.##..# ##>## ....
....#.#.##### 8...8 ...## ...
#..o# #....?# .. #.e.# 8.....8 #
#...# ##.....##
.:....K.....##8...8#
##.#.......##


You could see Duvessa and a kobold.

Vanquished Creatures
  A black bear (D:4)
  Ijyb (D:4)
  Terence (D:3)
  3 adders
  2 worms
  3 dart slugs
  An orc (D:4)
  2 ball pythons
  9 endoplasms
  3 giant cockroaches
  4 goblins
  6 hobgoblins
  2 quokkas
  4 bats
  3 frilled lizards
  7 kobolds
  4 rats
56 creatures vanquished.

Vanquished Creatures (others)
  5 toadstools (D:4)
5 creatures vanquished.

Grand Total: 61 creatures vanquished

Notes
Turn   | Place    | Note
-------+----------+-------------------------------------------
     0 | D:1      | safid the Minotaur Hunter began the quest for the Orb.
     0 | D:1      | Reached XP level 1. HP: 18/18 MP: 0/0
   268 | D:1      | Reached XP level 2. HP: 25/25 MP: 1/1
   278 | D:1      | Found a faded altar of an unknown god.
   855 | D:2      | Found Eharph's Jewellery Emporium.
   890 | D:2      | Reached skill level 5 in Ranged Weapons
   890 | D:2      | Reached XP level 3. HP: 31/31 MP: 2/2
  1750 | D:3      | Noticed Terence
  1758 | D:3      | Killed Terence
  1759 | D:3      | Reached XP level 4. HP: 29/40 MP: 3/3
  1852 | D:3      | Found a shimmering altar of Xom.
  1852 | D:3      | Found a shimmering altar of Xom.
  1852 | D:3      | Found a shimmering altar of Xom.
  1852 | D:3      | Found a shimmering altar of Xom.
  2325 | D:3      | Found an ancient bone altar of Kikubaaqudgha.
  2394 | D:4      | Noticed a black bear
  2405 | D:4      | Killed a black bear
  2406 | D:4      | Reached skill level 5 in Fighting
  2406 | D:4      | Reached skill level 6 in Ranged Weapons
  2406 | D:4      | Reached XP level 5. HP: 16/48 MP: 4/4
  2641 | D:4      | Noticed Ijyb
  2671 | D:4      | Killed Ijyb
  2881 | D:4      | Found a runed translucent door.
  2882 | D:4      | Noticed Crazy Yiuf
  2929 | D:4      | Found a hide-covered altar of Uskayaw.
  2932 | D:4      | Noticed a +0 dagger
  2932 | D:4      | Noticed a +0 hand axe
  2940 | D:4      | Noticed a lemure
  2940 | D:4      | Noticed a lemure
  2941 | D:4      | Noticed a lemure
  2942 | D:4      | Noticed Pikel
  2952 | D:4      | Noticed a lemure
  3031 | D:4      | Found a shimmering blue altar of Sif Muna.
  3037 | D:4      | Noticed Duvessa
  3066 | D:4      | HP: 2/48 [kobold/+0 dagger (1)]
  3067 | D:4      | Slain by Duvessa

Illustrated notes

Levels and vault maps discovered:
D:1:      dpeg_arrival_three_same_balls, layout_loops_corners,
          ebering_ecumenical_altar_abandoned
D:2:      layout_rooms, serial_shops, nicolae_shop_waterfront
D:3:      layout_rooms, marbit_many_paths, xom_redecorated, uniq_terence
D:4:      cheibrodos_fertilizer, layout_cave_pools, lemuel_tele_altar,
          dancing_weapons_uskayaw, mainiacjoe_overflow_concentric_impassable,
          nicolae_overflow_hidden_temple, lemuel_temple_firewalk_b,
          uniq_duvessa, uniq_pikel, uniq_crazy_yiuf_cottage, uniq_ijyb

Skill      XL: |  1  2  3  4 |
---------------+-------------+-----
Fighting       | 3 4 5 |  5.4
Ranged Weapons | 5 6 |  6.3
Dodging        | |  2.1
Stealth        | |  0.7

Action                   |  1- 3 |  4- 6 || total
-------------------------+-------+-------++-------
 Fire: Shortbow          |    91 |    99 ||   190
  Use: Scroll            |       |     2 ||     2
       Potion            |       |     2 ||     2
Armor: Leather armour    |    14 |    11 ||    25
Dodge: Dodged            |    13 |    38 ||    51
